 Dungeon Crawl Stone Soup version 0.24-a0-358-g53aee78b01 (webtiles) character file.

Game seed: 8747519608155839601

131 Maize the Shooter (level 4, -1/36 HPs)
             Began as a Centaur Hunter on May 25, 2019.
             Killed by nerve-wracking pain
             ... invoked by Grinder
              (11 damage)
             ... on level 3 of the Dungeon.
             The game lasted 00:02:35 (1385 turns).

Maize the Shooter (Centaur Hunter)                  Turns: 1385, Time: 00:02:36

Health: -1/36      AC:  9    Str: 14    XL:     4   Next: 91%
Magic:  4/4        EV: 10    Int: 10    God:
Gold:   86         SH:  0    Dex: 11    Spells: 3/3 levels left

rFire    . . .     SeeInvis .   a - +1 shortbow
rCold    . . .     Gourm    .   (shield currently unavailable)
rNeg     . . .     Faith    .   c - +0 leather armour
rPois    .         Spirit   .   (no helmet)
rElec    .         Reflect  .   (no cloak)
rCorr    .         Harm     .   (no gloves)
MR       .....                  (no barding)
Stlth    +.........             (no amulet)
HPRegen  0.12/turn              l - +5 ring of protection
MPRegen  0.09/turn              (no ring)

@: very quick
A: large, hooves 3, deformed body, speed 2, tough skin 3
a: no special abilities


You were on level 3 of the Dungeon.
You were not hungry.

You visited 1 branch of the dungeon, and saw 3 of its levels.

You collected 86 gold pieces.

Inventory:

Hand Weapons
 a - a +1 shortbow (weapon)
 b - a +0 short sword
Missiles
 d - 71 arrows (quivered)
Armour
 c - a +0 leather armour (worn)
Jewellery
 l - a +5 ring of protection (left hand)
Scrolls
 e - 2 scrolls of remove curse {unknown}
 i - 2 scrolls of fear {unknown}
 k - 3 scrolls of identify {unknown}
 o - 4 scrolls of blinking {unknown}
Potions
 h - a potion of heal wounds {unknown}
 j - a potion of magic {unknown}
 m - a potion of brilliance {unknown}
 n - a potion of lignification {unknown}
 p - a potion of invisibility {unknown}
Comestibles
 f - 6 rations
 g - a chunk of flesh


   Skills:
 - Level 2.0 Fighting
 * Level 7.0 Bows
 + Level 2.2 Dodging
 + Level 1.5 Stealth


You had 3 spell levels left.
You didn't know any spells.
Your spell library was empty.

Dungeon Overview and Level Annotations

Branches:
Dungeon (3/15)

Altars:
Yredelemnul

Annotations:
D:3 Grinder


Innate Abilities, Weirdness & Mutations

You have hooves in place of feet.
Armour fits poorly on your strangely shaped body.
You cover ground very quickly.
You have extremely tough skin. (AC +3)


Message History

Firing (i - inventory)
d - 74 arrows (quivered)
Press: ? - help, Shift-Dir - straight line, f/p - Grinder
Aim: Grinder (lightly wounded)
You shoot an arrow. The arrow hits Grinder!
Grinder is heavily wounded.
Grinder gestures at you. Pain shoots through your body!
* * * LOW HITPOINT WARNING * * *
Firing (i - inventory)
d - 73 arrows (quivered)
Press: ? - help, Shift-Dir - straight line, f/p - Grinder
Aim: Grinder (heavily wounded)
You shoot an arrow. The arrow barely misses Grinder.
Grinder closely misses you.
Firing (i - inventory)
d - 72 arrows (quivered)
Press: ? - help, Shift-Dir - straight line, f/p - Grinder
Aim: Grinder (heavily wounded)
You shoot an arrow. The arrow barely misses Grinder.
Grinder gestures at you. Pain shoots through your body!
You die...

.(# .(# ##
...# #.#
..... #.#
##.#.## #.#
.(.....
#.###)..#
#(.5@)#
#..####
#.(# #..#
#..# #..#
######..###
#.........#
#.........#


You could see Grinder.

Vanquished Creatures
  Jessica (D:2)
  5 adders
  An ooze (D:3)
  2 worms (D:2)
  A dart slug (D:2)
  A leopard gecko (D:2)
  4 bats
  A giant cockroach (D:1)
  5 goblins
  8 hobgoblins
  7 jackals (D:2)
  A ball python (D:2)
  2 frilled lizards
  5 kobolds
  2 rats
46 creatures vanquished.

Notes
Turn   | Place    | Note
-------+----------+-------------------------------------------
     0 | D:1      | Maize the Centaur Hunter began the quest for the Orb.
     0 | D:1      | Reached XP level 1. HP: 17/17 MP: 1/1
   206 | D:1      | Reached XP level 2. HP: 24/24 MP: 2/2
   680 | D:2      | Found a basalt altar of Yredelemnul.
   702 | D:2      | Reached skill level 1 in Stealth
   704 | D:2      | Reached skill level 6 in Bows
   739 | D:2      | Reached XP level 3. HP: 29/29 MP: 3/3
  1060 | D:2      | Noticed Jessica
  1063 | D:2      | Killed Jessica
  1063 | D:2      | Reached XP level 4. HP: 36/36 MP: 4/4
  1365 | D:3      | Noticed Grinder
  1375 | D:3      | Reached skill level 7 in Bows
  1378 | D:3      | Paralysed by Grinder for 4 turns
  1385 | D:3      | Killed from afar by Grinder

Levels and vault maps discovered:
D:1:      giann_bridges, layout_basic
D:2:      layout_rooms, chequers_avenue, yredelemnul_altar_generic, uniq_jessica
D:3:      layout_rooms, uniq_grinder, uniq_robin

Skill      XL: |  1  2  3  4 |
---------------+-------------+-----
Stealth        | 1 |  1.5
Bows           | 6 7 |  7.0
Dodging        | 2 |  2.2
Fighting       | |  2.0

Action                   |  1- 3 |  4- 6 || total
-------------------------+-------+-------++-------
 Fire: Shortbow          |   116 |    40 ||   156
Armor: Leather armour    |    14 |    10 ||    24
Dodge: Dodged            |    26 |    12 ||    38

Table legend:
 A = Non-vault XP
 B = Vault XP
 C = Vault XP percentage of total XP
 D = Non-vault monster count
 E = Vault monster count
 F = Vault count percentage of total count
                 A         B        C        D         E       F
            +---------+---------+-------+---------+---------+-------
      Total |     151 |      37 |  19.7 |      45 |       1 |   2.2
            +---------+---------+-------+---------+---------+-------
        D:1 |      21 |       0 |   0.0 |      13 |       0 |   0.0
        D:2 |     103 |      37 |  26.4 |      26 |       1 |   3.7
        D:3 |      27 |       0 |   0.0 |       6 |       0 |   0.0
            +---------+---------+-------+---------+---------+-------
